[Event "2022 Harris Edwardes Interclub Competition (Division B)"]
[Site "Leeming, Perth WA AUS"]
[Date "2022.08.21"]
[Round "2"]
[White "Gupta, Aarnav"]
[Black "Bhatia, Abhay"]
[Result "1-0"]
[EventDate "2022.08.21"]
[EventRounds "4"]
[EventType "team"]
[Section "Division B (Major): U1950"]
[Stage "Preliminary Rounds: Group 2"]
[Board "3"]
[TimeControl "3600+10"]
[WhiteElo "1222"]
[BlackElo "1668"]
[WhiteTeam "Perth Chess Academy B"]
[BlackTeam "Perth Chess Club B2"]
[ECO "D02"]
[PlyCount "109"]

1. d4 d5 2. Nf3 Nc6 3. e3 a6 4. b3 Bf5 5. Bd3 Bxd3 6. Qxd3 e6 7. O-O Nf6 8.
Nbd2 Nb4 9. Qc3 Bd6 10. a3 Nc6 11. Bb2 O-O 12. Qd3 h6 13. Rac1 Qe7 14. Ra1 Rad8
15. Rfe1 Nd7 16. c4 dxc4 17. Nxc4 Nf6 18. Nxd6 cxd6 19. Qc3 Ne4 20. Qc2 d5 21.
Nd2 Nxd2 22. Qxd2 f5 23. a4 Qg5 24. Ba3 Rfe8 25. Bc5 e5 26. Qd3 e4 27. Qe2 Re6
28. Kh1 Rg6 29. f3 f4 30. exf4 Qxf4 31. fxe4 Re8 32. Qf3 Rxe4 33. Rxe4 Qxe4 34.
Qxe4 dxe4 35. Re1 Rf6 36. d5 Na5 37. b4 Nc4 38. Rxe4 Rf1+ 39. Bg1 Nd2 40. Re2
Nc4 41. Re4 Nd6 42. Rd4 Nf5 43. Rd3 Nd6 44. h3 Ne4 45. Kh2 Nd6 46. Bc5 Rf6 47.
a5 Ne4 48. Be7 Nf2 49. Rf3 Rxf3 50. gxf3 Kf7 51. Bc5 Nd3 52. Kg3 g6 53. f4 h5
54. Kf3 Kf6 55. Ke4 1-0

[Event "2022 Harris Edwardes Interclub Competition (Division B)"]
[Site "Leeming, Perth WA AUS"]
[Date "2022.08.21"]
[Round "2"]
[White "Gupta, Anoushka"]
[Black "King, David"]
[Result "0-1"]
[EventDate "2022.08.21"]
[EventRounds "4"]
[EventType "team"]
[Section "Division B (Major): U1950"]
[Stage "Preliminary Rounds: Group 2"]
[Board "4"]
[TimeControl "3600+10"]
[WhiteElo "881"]
[BlackElo "1873"]
[WhiteTeam "Perth Chess Academy B"]
[BlackTeam "Southern Suburbs Chess Club B"]
[ECO "C48"]
[PlyCount "58"]

1. e4 e5 2. Nf3 Nc6 3. Nc3 Nf6 4. Bb5 Bd6 5. d4 Bb4 6. Bg5 h6 7. Bh4 g5 8. Bxc6
dxc6 9. Bg3 Nxe4 10. Qd3 Bf5 11. Qe3 O-O 12. O-O exd4 13. Nxd4 Bc5 14. Rad1
Nxg3 15. fxg3 Re8 16. Qf2 Bg6 17. Kh1 Qe7 18. Nce2 Rad8 19. c3 Bb6 20. Nf5 Bxf5
21. Qxf5 Rxd1 22. Rxd1 Qxe2 23. Rf1 Qe6 24. Qf3 Qxa2 25. h4 Qd5 26. Qh5 Kg7 27.
hxg5 hxg5 28. Qg4 Rh8+ 29. Qh3 Rxh3# 0-1

[Event "2022 Harris Edwardes Interclub Competition (Division B)"]
[Site "Leeming, Perth WA AUS"]
[Date "2022.08.21"]
[Round "2"]
[White "Garang, Kuol Awan"]
[Black "Gough, Dylan"]
[Result "1-0"]
[EventDate "2022.08.21"]
[EventRounds "4"]
[EventType "team"]
[Section "Division B (Major): U1950"]
[Stage "Preliminary Rounds: Group 2"]
[Board "5"]
[TimeControl "3600+10"]
[WhiteElo "1645"]
[BlackElo "1710"]
[WhiteTeam "Perth Chess Club B2"]
[BlackTeam "Southern Suburbs Chess Club B"]
[ECO "B10"]
[PlyCount "45"]

1. e4 c6 2. f4 d5 3. e5 Bf5 4. d3 h6 5. c3 e6 6. Nf3 Nd7 7. a4 f6 8. d4 c5 9.
Nh4 Ne7 10. Nxf5 exf5 11. e6 Nb6 12. Bb5+ Nc6 13. Qh5+ Ke7 14. Qf7+ Kd6 15.
dxc5+ Kxc5 16. b3 Nxa4 17. Bxa4 Kb6 18. Be3+ Bc5 19. Bxc5+ Kxc5 20. Qxb7 Qb6
21. Bxc6 Qxc6 22. Ra5+ Kd6 23. Ra6 1-0

[Event "2022 Harris Edwardes Interclub Competition (Division B)"]
[Site "Leeming, Perth WA AUS"]
[Date "2022.08.28"]
[Round "3"]
[White "Davoll, Josh"]
[Black "McGinty, Aidan"]
[Result "1/2-1/2"]
[EventDate "2022.08.21"]
[EventRounds "4"]
[EventType "team"]
[Section "Division B (Major): U1950"]
[Stage "Preliminary Rounds: Group 2"]
[Board "1"]
[TimeControl "3600+10"]
[WhiteElo "1914"]
[BlackElo "1892"]
[WhiteTeam "Perth Chess Club B2"]
[BlackTeam "Southern Suburbs Chess Club B"]
[ECO "B01"]
[PlyCount "58"]

1. e4 d5 2. exd5 Qxd5 3. Nf3 Bf5 4. d4 c6 5. Be2 Nf6 6. O-O e6 7. c4 Qa5 8. Bf4
Nbd7 9. Nc3 Be7 10. a3 Nh5 11. b4 Qb6 12. Be3 Qc7 13. Rc1 Rd8 14. d5 Nb6 15.
Bxb6 axb6 16. Nd4 Nf6 17. Nxf5 exf5 18. Bf3 O-O 19. Qc2 g6 20. Rfe1 Rfe8 21. g3
f4 22. Kg2 fxg3 23. hxg3 Bf8 24. Ne4 Nxe4 25. Rxe4 Rxe4 26. Bxe4 c5 27. b5 Qe5
28. Qd3 Re8 29. Bf3 Ra8 1/2-1/2

[Event "2022 Harris Edwardes Interclub Competition (Division B)"]
[Site "Leeming, Perth WA AUS"]
[Date "2022.08.28"]
[Round "3"]
[White "Clarke, Daniel"]
[Black "Pimenov, Alex"]
[Result "0-1"]
[EventDate "2022.08.21"]
[EventRounds "4"]
[EventType "team"]
[Section "Division B (Major): U1950"]
[Stage "Preliminary Rounds: Group 2"]
[Board "2"]
[TimeControl "3600+10"]
[WhiteElo "1784"]
[BlackElo "1784"]
[WhiteTeam "Perth Chess Club B2"]
[BlackTeam "Perth Chess Academy B"]
[ECO "B79"]
[PlyCount "92"]

1. e4 c5 2. Nf3 d6 3. d4 cxd4 4. Nxd4 Nf6 5. Nc3 g6 6. Be3 Bg7 7. f3 Bd7 8. Qd2
Nc6 9. O-O-O O-O 10. Bc4 Ne5 11. Bb3 Qa5 12. Kb1 Rfc8 13. g4 Nc4 14. Bxc4 Rxc4
15. Nb3 Qc7 16. h4 a5 17. h5 g5 18. h6 Bh8 19. Bxg5 a4 20. Bxf6 Bxf6 21. Nd5
axb3 22. cxb3 Qc8 23. Nxf6+ exf6 24. bxc4 Qxc4 25. b3 Qb5 26. Qd5 Qe2 27. Rd2
Qxf3 28. e5 Qxd5 29. Rxd5 Bc6 30. Rhd1 Bxd5 31. Rxd5 dxe5 32. Kc2 Kf8 33. a4
Ke7 34. Rb5 Rc8+ 35. Kd3 Rc7 36. Rb6 Rd7+ 37. Ke4 Rd4+ 38. Kf3 Rd7 39. Ke4 Rc7
40. Kf5 Rd7 41. Rxf6 e4 42. Rb6 e3 43. Rb4 Rd6 44. Rxb7+ Kd8 45. Rb4 e2 46. Re4
Re6 0-1

[Event "2022 Harris Edwardes Interclub Competition (Division B)"]
[Site "Leeming, Perth WA AUS"]
[Date "2022.08.28"]
[Round "3"]
[White "King, David"]
[Black "Gupta, Aarnav"]
[Result "1-0"]
[EventDate "2022.08.21"]
[EventRounds "4"]
[EventType "team"]
[Section "Division B (Major): U1950"]
[Stage "Preliminary Rounds: Group 2"]
[Board "3"]
[TimeControl "3600+10"]
[WhiteElo "1873"]
[BlackElo "1222"]
[WhiteTeam "Southern Suburbs Chess Club B"]
[BlackTeam "Perth Chess Academy B"]
[ECO "B17"]
[PlyCount "43"]

1. e4 c6 2. d4 d5 3. Nc3 dxe4 4. Nxe4 Nd7 5. Nf3 Ngf6 6. Ng3 e6 7. Bd3 Be7 8.
O-O O-O 9. Re1 Re8 10. c3 Nf8 11. a4 a5 12. Bc2 c5 13. Ne4 cxd4 14. Nxd4 b6 15.
Nc6 Qc7 16. Nxe7+ Qxe7 17. Bg5 N8d7 18. Qd3 Nf8 19. Qf3 N8d7 20. Nxf6+ Nxf6 21.
Bxf6 Qxf6 22. Qxa8 1-0

[Event "2022 Harris Edwardes Interclub Competition (Division B)"]
[Site "Leeming, Perth WA AUS"]
[Date "2022.08.28"]
[Round "3"]
[White "Gough, Dylan"]
[Black "Smith, Jonathan"]
[Result "1-0"]
[EventDate "2022.08.21"]
[EventRounds "4"]
[EventType "team"]
[Section "Division B (Major): U1950"]
[Stage "Preliminary Rounds: Group 2"]
[Board "4"]
[TimeControl "3600+10"]
[WhiteElo "1710"]
[BlackElo "1663"]
[WhiteTeam "Southern Suburbs Chess Club B"]
[BlackTeam "Perth Chess Club B2"]
[ECO "D10"]
[PlyCount "101"]

1. d4 d5 2. c4 c6 3. e3 Nf6 4. Nc3 Bf5 5. cxd5 Nxd5 6. Bd3 Bxd3 7. Qxd3 e6 8.
Nxd5 exd5 9. Nf3 Bb4+ 10. Bd2 Bxd2+ 11. Nxd2 O-O 12. O-O Re8 13. Rad1 Nd7 14.
Rfe1 Nf6 15. f3 Qb6 16. Nb3 Re7 17. Re2 Rae8 18. Rde1 h5 19. Kh1 Qc7 20. Nd2 c5
21. dxc5 Qxc5 22. b3 h4 23. Nf1 Nh5 24. Rd1 Re5 25. Rc2 Qd6 26. f4 Re4 27. Qxd5
Qg6 28. Rc5 Qg4 29. Qxh5 Qe6 30. Qxh4 g6 31. Rd8 Qa6 32. Rxe8+ Rxe8 33. Qf2 Qd6
34. Qc2 Qf6 35. Rc8 Rd8 36. Rxd8+ Qxd8 37. h3 a6 38. Nd2 Qb6 39. Qe4 Kh7 40.
Nc4 Qc7 41. f5 b5 42. Ne5 Kg7 43. fxg6 f6 44. Nd3 a5 45. Nf4 Qd7 46. Nh5+ Kh6
47. Nxf6 Qd1+ 48. Kh2 Qd6+ 49. Qf4+ Qxf4+ 50. exf4 Kg7 51. Nd5 1-0

[Event "2022 Harris Edwardes Interclub Competition (Division B)"]
[Site "Leeming, Perth WA AUS"]
[Date "2022.08.28"]
[Round "3"]
[White "Gupta, Anoushka"]
[Black "Bhatia, Abhay"]
[Result "0-1"]
[EventDate "2022.08.21"]
[EventRounds "4"]
[EventType "team"]
[Section "Division B (Major): U1950"]
[Stage "Preliminary Rounds: Group 2"]
[Board "5"]
[TimeControl "3600+10"]
[WhiteElo "881"]
[BlackElo "1668"]
[WhiteTeam "Perth Chess Academy B"]
[BlackTeam "Perth Chess Club B2"]
[ECO "B30"]
[PlyCount "114"]

1. e4 c5 2. Nf3 Nc6 3. Nc3 e6 4. Bb5 a6 5. Bxc6 bxc6 6. d4 cxd4 7. Nxd4 Bb4 8.
Qf3 Bb7 9. Nde2 d5 10. exd5 cxd5 11. Bd2 Qc7 12. Qg4 Bf8 13. O-O Nf6 14. Qg3 e5
15. Nd4 Nh5 16. Qe3 Bc5 17. Rfe1 e4 18. Qg5 Bxd4 19. Qxh5 O-O-O 20. Qf5+ Rd7
21. Bf4 Qa5 22. Be5 g6 23. Qf6 Bxe5 24. Qxe5 Qd8 25. Rad1 Re8 26. Qd4 f5 27.
Rd2 f4 28. Red1 e3 29. Re2 Qg5 30. Rde1 f3 31. g3 fxe2 32. Rxe2 exf2+ 33. Rxf2
Re1+ 34. Kg2 Qe7 35. Na4 Rc7 36. Nb6+ Kb8 37. Qh8+ Ka7 38. Qd4 Qe4+ 39. Qxe4
dxe4 40. Na4 e3+ 41. Rf3 Bxf3+ 42. Kxf3 Rf7+ 43. Kg4 Rc1 44. Nc5 Rxc2 45. Nd3
Rd2 46. Nf4 e2 47. Nxe2 Rxe2 48. h4 Rxb2 49. h5 Rb4+ 50. Kg5 Rf5+ 51. Kh6 Rxh5+
52. Kg7 g5 53. Kf6 g4 54. a4 Rb6+ 55. Kg7 Rc5 56. Kxh7 Rc7+ 57. Kg8 Rb8# 0-1

[Event "2022 Harris Edwardes Interclub Competition (Division B)"]
[Site "Leeming, Perth WA AUS"]
[Date "2022.08.28"]
[Round "4"]
[White "Clarke, Daniel"]
[Black "Plaganyi, Gyula"]
[Result "1/2-1/2"]
[EventDate "2022.08.21"]
[EventRounds "4"]
[EventType "team"]
[Section "Division B (Major): U1950"]
[Stage "Final Round Playoffs: 1st vs 2nd"]
[Board "1"]
[TimeControl "3600+10"]
[WhiteElo "1784"]
[BlackElo "1903"]
[BlackTitle "CM"]
[WhiteTeam "Perth Chess Club B2"]
[BlackTeam "Perth Chess Club B1"]
[ECO "B35"]
[PlyCount "101"]

1. e4 c5 2. Nf3 g6 3. d4 cxd4 4. Nxd4 Nc6 5. Nc3 Bg7 6. Be3 Nf6 7. Bc4 Qa5 8.
O-O O-O 9. h3 d6 10. Bb3 Bd7 11. Qd2 Rfc8 12. Rad1 Nxd4 13. Bxd4 Bc6 14. Bxf6
Bxf6 15. Nd5 Qxd2 16. Nxf6+ Kg7 17. Nh5+ gxh5 18. Rxd2 Bb5 19. Re1 Bc4 20. Bxc4
Rxc4 21. c3 Rac8 22. e5 d5 23. Rxd5 e6 24. Rd7 R8c7 25. Red1 b5 26. Rxc7 Rxc7
27. f4 h4 28. Kf2 Kg6 29. Ke3 Kf5 30. Rd4 a5 31. a4 bxa4 32. Rxa4 Rb7 33. b4
axb4 34. Rxb4 Ra7 35. Kd4 h5 36. Rc4 Kxf4 37. Kc5+ Kxe5 38. Rxh4 Ra2 39. g4
hxg4 40. Rxg4 f5 41. Rg5 Kf4 42. Rg1 Rh2 43. Rf1+ Ke3 44. Kd6 f4 45. Kxe6 Rxh3
46. c4 f3 47. c5 Ke2 48. Rxf3 Kxf3 49. c6 Ke4 50. c7 Rh6+ 51. Kd7 1/2-1/2

[Event "2022 Harris Edwardes Interclub Competition (Division B)"]
[Site "Leeming, Perth WA AUS"]
[Date "2022.08.28"]
[Round "4"]
[White "Hernandez Mendez, Iker"]
[Black "Smith, Jonathan"]
[Result "0-1"]
[EventDate "2022.08.21"]
[EventRounds "4"]
[EventType "team"]
[Section "Division B (Major): U1950"]
[Stage "Final Round Playoffs: 1st vs 2nd"]
[Board "2"]
[TimeControl "3600+10"]
[WhiteElo "1826"]
[BlackElo "1663"]
[WhiteTeam "Perth Chess Club B1"]
[BlackTeam "Perth Chess Club B2"]
[ECO "B13"]
[PlyCount "114"]

1. e4 c6 2. d4 d5 3. exd5 cxd5 4. c4 Nf6 5. Nc3 Nc6 6. Bf4 a6 7. Nf3 h6 8. h3
e6 9. Bd3 dxc4 10. Bxc4 Bb4 11. O-O O-O 12. Bh2 Bd6 13. Ne5 Qc7 14. f4 Nxd4 15.
Qxd4 Bc5 16. Rad1 Bxd4+ 17. Rxd4 b5 18. Be2 Qb6 19. Rfd1 Rd8 20. Nc6 Rxd4 21.
Nxd4 Bb7 22. Kh1 b4 23. Na4 Qa5 24. b3 Ne4 25. Rc1 Rd8 26. Nc6 Bxc6 27. Rxc6
Qd5 28. Rc4 f5 29. Bf3 Nf2+ 30. Kg1 Qd2 31. Kf1 Nd1 32. Bg1 Ne3+ 33. Bxe3 Qxe3
34. Rc2 Qxf4 35. Nc5 Rd6 36. Kg1 Qe3+ 37. Kh1 Qe1+ 38. Kh2 Rd2 39. Rc4 e5 40.
Ne6 Kf7 41. Rc6 g6 42. Nc5 e4 43. Re6 Qf2 44. Nxe4 fxe4 45. Rxe4 Qxf3 46. Rg4
h5 47. Rg3 Qf4 48. h4 Rc2 49. Kh3 Rc3 50. Rf3 Rxf3+ 51. gxf3 Qxf3+ 52. Kh2 Ke6
53. Kg1 Qe2 54. a4 Kf5 55. a5 Kg4 56. Kh1 Kg3 57. Kg1 Qg2# 0-1

[Event "2022 Harris Edwardes Interclub Competition (Division B)"]
[Site "Leeming, Perth WA AUS"]
[Date "2022.08.28"]
[Round "4"]
[White "Garang, Kuol Awan"]
[Black "Stortz, Robert"]
[Result "1-0"]
[EventDate "2022.08.21"]
[EventRounds "4"]
[EventType "team"]
[Section "Division B (Major): U1950"]
[Stage "Final Round Playoffs: 1st vs 2nd"]
[Board "3"]
[TimeControl "3600+10"]
[WhiteElo "1645"]
[BlackElo "1871"]
[WhiteTeam "Perth Chess Club B2"]
[BlackTeam "Perth Chess Club B1"]
[ECO "B10"]
[PlyCount "91"]

1. e4 c6 2. f4 d5 3. e5 Bf5 4. c3 e6 5. Nf3 h6 6. d3 Bc5 7. b4 Bb6 8. a4 a6 9.
Na3 c5 10. b5 a5 11. Be3 Ne7 12. Be2 Nd7 13. c4 d4 14. Bf2 Nc8 15. Nc2 g5 16.
Qd2 g4 17. Nh4 Ne7 18. Nxf5 exf5 19. Bh4 Nf8 20. Bf6 Rg8 21. h3 g3 22. Bf3 Qd7
23. O-O-O O-O-O 24. Rhe1 Re8 25. Re2 Nh7 26. Bxe7 Rxe7 27. Bd5 Nf8 28. Ne1 Ne6
29. Nf3 Nc7 30. Nh4 Nxd5 31. cxd5 Qxd5 32. Nxf5 Re6 33. Nd6+ Kb8 34. Nc4 Qd8
35. f5 Re7 36. Qxh6 Ka7 37. Qf6 Qc7 38. Nxb6 Qxb6 39. Qxe7 Qh6+ 40. Kb2 Qh5 41.
Qxc5+ Kb8 42. Rc2 Qxd1 43. Qc7+ Ka7 44. Qxa5+ Kb8 45. b6 Qxd3 46. Qa7# 1-0

[Event "2022 Harris Edwardes Interclub Competition (Division B)"]
[Site "Leeming, Perth WA AUS"]
[Date "2022.08.28"]
[Round "4"]
[White "McGinty, Aidan"]
[Black "Koh, Shannon"]
[Result "0-1"]
[EventDate "2022.08.21"]
[EventRounds "4"]
[EventType "team"]
[Section "Division B (Major): U1950"]
[Stage "Final Round Playoffs: 3rd vs 4th"]
[Board "1"]
[TimeControl "3600+10"]
[WhiteElo "1892"]
[BlackElo "1800"]
[WhiteTeam "Southern Suburbs Chess Club B"]
[BlackTeam "Kingsley Chess Club B"]
[ECO "B21"]
[PlyCount "76"]

1. e4 c5 2. d4 cxd4 3. c3 dxc3 4. Nxc3 Nc6 5. Nf3 d6 6. Bc4 a6 7. O-O Nf6 8. e5
dxe5 9. Qxd8+ Nxd8 10. Nxe5 Bf5 11. Rd1 e6 12. Nb5 Rc8 13. Nd6+ Bxd6 14. Rxd6
O-O 15. Be3 Ne8 16. Rd2 Nf6 17. f3 Nc6 18. Nxc6 Rxc6 19. Bb3 Rfc8 20. Rad1 h6
21. Ba4 b5 22. Bb3 Bc2 23. Rd8+ Rxd8 24. Rxd8+ Kh7 25. Bxc2+ Rxc2 26. Bd4 Kg6
27. Rd6 Rd2 28. g4 a5 29. h4 Nd5 30. Bc3 Rd1+ 31. Kf2 Nxc3 32. h5+ Kf6 33. Rb6
Rd2+ 34. Kg3 Rxb2 35. f4 Nd5 36. Rb7 g5 37. hxg6 fxg6 38. a4 Rb3+ 0-1

[Event "2022 Harris Edwardes Interclub Competition (Division B)"]
[Site "Leeming, Perth WA AUS"]
[Date "2022.08.28"]
[Round "4"]
[White "Ong, Celine"]
[Black "King, David"]
[Result "0-1"]
[EventDate "2022.08.21"]
[EventRounds "4"]
[EventType "team"]
[Section "Division B (Major): U1950"]
[Stage "Final Round Playoffs: 3rd vs 4th"]
[Board "2"]
[TimeControl "3600+10"]
[WhiteElo "1738"]
[BlackElo "1873"]
[WhiteTeam "Kingsley Chess Club B"]
[BlackTeam "Southern Suburbs Chess Club B"]
[ECO "C47"]
[PlyCount "66"]

1. e4 e5 2. Nf3 Nc6 3. Nc3 Nf6 4. d4 exd4 5. Nxd4 Bb4 6. Nxc6 bxc6 7. Bd3 d5 8.
exd5 cxd5 9. O-O O-O 10. Bg5 c6 11. Qf3 Rb8 12. Rfe1 Bd6 13. Bxf6 Qxf6 14. Qxf6
gxf6 15. Rab1 Be6 16. Ne2 c5 17. c3 Rb6 18. b3 Rfb8 19. Bc2 a5 20. f4 Bg4 21.
g3 Bxe2 22. Rxe2 c4 23. Rd2 Bc5+ 24. Kg2 cxb3 25. axb3 d4 26. cxd4 Bb4 27. Rd3
Rc6 28. Bd1 Rd8 29. d5 Rc5 30. Bf3 Rc2+ 31. Kh3 Rd6 32. Rd4 f5 33. Rc4 Rh6+ 0-1

[Event "2022 Harris Edwardes Interclub Competition (Division B)"]
[Site "Leeming, Perth WA AUS"]
[Date "2022.08.28"]
[Round "4"]
[White "Pimenov, Alex"]
[Black "Curthoys, Ned"]
[Result "0-1"]
[EventDate "2022.08.21"]
[EventRounds "4"]
[EventType "team"]
[Section "Division B (Major): U1950"]
[Stage "Final Round Playoffs: 5th vs 6th"]
[Board "1"]
[TimeControl "3600+10"]
[WhiteElo "1784"]
[BlackElo "1960"]
[WhiteTeam "Perth Chess Academy B"]
[BlackTeam "Warwick Chess Club B"]
[ECO "D15"]
[PlyCount "33"]

1. d4 c6 2. Nf3 d5 3. c4 Nf6 4. Nc3 a6 5. cxd5 cxd5 6. Bg5 e6 7. Bxf6 Qxf6 8.
e3 Bd6 9. Bd3 Nc6 10. a3 O-O 11. O-O Rd8 12. Rc1 Bb8 13. Na4 Bc7 14. Nc3 e5 15.
dxe5 Nxe5 16. Be2 Qh6 17. g3 {White defaulted after mobile phone sounded} 0-1

[Event "2022 Harris Edwardes Interclub Competition (Division C)"]
[Site "Leeming, Perth WA AUS"]
[Date "2022.08.21"]
[Round "2"]
[White "Zhang, Emily"]
[Black "Molenaar, Michael"]
[Result "0-1"]
[EventDate "2022.08.21"]
[EventRounds "4"]
[EventType "team"]
[Section "Division C (Minor): U1550"]
[Stage "Preliminary Rounds: Group 1"]
[Board "1"]
[TimeControl "3600+10"]
[WhiteElo "1470"]
[BlackElo "1258"]
[WhiteTeam "Southern Suburbs Chess Club C"]
[BlackTeam "Bunbury Chess Club C1"]
[ECO "B57"]
[PlyCount "106"]

1. e4 c5 2. Nf3 d6 3. d4 cxd4 4. Nxd4 Nf6 5. Nc3 Nc6 6. Bc4 Qb6 7. Be3 Qxb2 8.
Kd2 a6 9. Nxc6 bxc6 10. Qb1 Qxb1 11. Raxb1 g6 12. Rb6 c5 13. Rhb1 Nd7 14. R6b3
e6 15. Na4 Bg7 16. Nb6 Nxb6 17. Rxb6 Ke7 18. f3 a5 19. Bb5 Ra7 20. Ba4 Bd4 21.
Bxd4 cxd4 22. Rb8 Rd8 23. c3 dxc3+ 24. Kxc3 e5 25. Kd2 d5 26. exd5 Rxd5+ 27.
Ke3 Bf5 28. R1b7+ Rxb7 29. Rxb7+ Kf6 30. g4 Be6 31. Bb3 Rc5 32. Bxe6 Kxe6 33.
Rb6+ Kd5 34. Kd3 f5 35. gxf5 gxf5 36. Rh6 e4+ 37. fxe4+ fxe4+ 38. Ke3 Rc3+ 39.
Kd2 Ra3 40. Rxh7 Rxa2+ 41. Ke3 Ra3+ 42. Ke2 a4 43. Rh5+ Kd4 44. h4 Ra1 45. Ra5
Ra2+ 46. Ke1 Ke3 47. Kd1 Kf4 48. h5 e3 49. Rb5 Ra1+ 50. Ke2 a3 51. Rb4+ Kg5 52.
Kxe3 a2 53. Rb5+ Kh6 0-1

[Event "2022 Harris Edwardes Interclub Competition (Division C)"]
[Site "Leeming, Perth WA AUS"]
[Date "2022.08.21"]
[Round "1"]
[White "Rabey, Kelvin"]
[Black "Sowden, Miles"]
[Result "0-1"]
[EventDate "2022.08.21"]
[EventRounds "4"]
[EventType "team"]
[Section "Division C (Minor): U1550"]
[Stage "Preliminary Rounds: Group 2"]
[Board "3"]
[TimeControl "3600+10"]
[WhiteElo "1259"]
[BlackElo "1510"]
[WhiteTeam "Bunbury Chess Club C2"]
[BlackTeam "Perth Chess Club C"]
[ECO "A07"]
[PlyCount "68"]

1. Nf3 Nc6 2. g3 e5 3. d3 d5 4. Nbd2 Nf6 5. Bg2 Bd6 6. O-O O-O 7. c3 Be6 8. Re1
Qc8 9. e4 d4 10. Ng5 dxc3 11. bxc3 Bg4 12. Ngf3 Bh3 13. Nf1 Bxg2 14. Kxg2 Nd7
15. Ne3 Re8 16. Nf5 Bf8 17. d4 exd4 18. cxd4 Nf6 19. e5 Qxf5 20. exf6 Qxf6 21.
Bb2 Rxe1 22. Qxe1 Qf5 23. a3 Qd5 24. Rd1 f6 25. Qe3 Kf7 26. Kf1 Re8 27. Qc3 g5
28. Re1 g4 29. Rxe8 Kxe8 30. Ng1 h5 31. f3 f5 32. Kf2 Nxd4 33. Qe3+ Ne6 34. Ne2
Bc5 0-1

[Event "2022 Harris Edwardes Interclub Competition (Division C)"]
[Site "Leeming, Perth WA AUS"]
[Date "2022.08.21"]
[Round "1"]
[White "Boswarva, Ernest"]
[Black "Gough, Sebastian"]
[Result "1-0"]
[EventDate "2022.08.21"]
[EventRounds "4"]
[EventType "team"]
[Section "Division C (Minor): U1550"]
[Stage "Preliminary Rounds: Group 2"]
[Board "5"]
[TimeControl "3600+10"]
[WhiteElo "1506"]
[BlackElo "1050"]
[WhiteTeam "Perth Chess Club C"]
[BlackTeam "Perth Chess Academy C"]
[ECO "D00"]
[PlyCount "69"]

1. d4 d5 2. e3 c5 3. c3 Nf6 4. Bd3 g6 5. Nd2 Bf5 6. Bb1 Bxb1 7. Rxb1 cxd4 8.
cxd4 Qd7 9. Ngf3 Qf5 10. Ra1 Ne4 11. O-O Nxd2 12. Bxd2 Nd7 13. Qa4 a6 14. Rac1
b5 15. Qb3 Nb6 16. Rc6 Nc4 17. Qc3 Qd7 18. Ne5 Qf5 19. Nxc4 dxc4 20. Rc1 e6 21.
b3 a5 22. bxc4 Bb4 23. Qb2 Bxd2 24. Qxd2 O-O 25. cxb5 e5 26. d5 Rac8 27. Qxa5
Ra8 28. Qd2 Ra5 29. Qxa5 e4 30. b6 Rd8 31. R6c5 Rd6 32. b7 Rf6 33. b8=Q+ Kg7
34. Qf4 Qh5 35. d6 1-0

[Event "2022 Harris Edwardes Interclub Competition (Division C)"]
[Site "Leeming, Perth WA AUS"]
[Date "2022.08.21"]
[Round "2"]
[White "Sowden, Miles"]
[Black "Prince, John"]
[Result "0-1"]
[EventDate "2022.08.21"]
[EventRounds "4"]
[EventType "team"]
[Section "Division C (Minor): U1550"]
[Stage "Preliminary Rounds: Group 2"]
[Board "2"]
[TimeControl "3600+10"]
[WhiteElo "1510"]
[BlackElo "1486"]
[WhiteTeam "Perth Chess Club C"]
[BlackTeam "Bunbury Chess Club C2"]
[ECO "B02"]
[PlyCount "88"]

1. e4 Nf6 2. Nc3 d5 3. exd5 Nxd5 4. Nxd5 Qxd5 5. d4 Nc6 6. Nf3 Bg4 7. Be3 e6 8.
c4 Bb4+ 9. Bd2 Qe4+ 10. Be2 Bxf3 11. gxf3 Bxd2+ 12. Qxd2 Qxd4 13. Qxd4 Nxd4 14.
Bd1 O-O-O 15. O-O Rd6 16. f4 Rg8 17. h4 Nf5 18. h5 Rd4 19. b3 Rxf4 20. Kg2 g6
21. h6 Rd8 22. Bc2 Rd2 23. Bxf5 Rxf5 24. Kg3 Rh5 25. Rh1 Rxh1 26. Rxh1 Rxa2 27.
Rb1 Rd2 28. f4 f5 29. Kh4 Rg2 30. Rf1 Kd8 31. Rf3 Ke7 32. b4 Rg4+ 33. Kh3 Rg1
34. Rc3 Rh1+ 35. Kg3 Rxh6 36. b5 Rh1 37. Ra3 a6 38. bxa6 bxa6 39. Rxa6 Rc1 40.
Ra4 Rc3+ 41. Kh4 h6 42. Rb4 Rf3 43. c5 Rc3 44. Rb5 Kd7 0-1

[Event "2022 Harris Edwardes Interclub Competition (Division C)"]
[Site "Leeming, Perth WA AUS"]
[Date "2022.08.28"]
[Round "3"]
[White "Gough, Sebastian"]
[Black "Knight , Charles"]
[Result "0-1"]
[EventDate "2022.08.21"]
[EventRounds "4"]
[EventType "team"]
[Section "Division C (Minor): U1550"]
[Stage "Preliminary Rounds: Group 2"]
[Board "6"]
[TimeControl "3600+10"]
[WhiteElo "1050"]
[BlackElo "1445"]
[WhiteTeam "Perth Chess Academy C"]
[BlackTeam "Perth Chess Club C"]
[ECO "D02"]
[PlyCount "70"]

1. d4 d5 2. Nf3 Nf6 3. Bf4 c5 4. e3 Nc6 5. Bb5 Bg4 6. Bxc6+ bxc6 7. Nbd2 e6 8.
c3 Nh5 9. Qa4 Qb6 10. Qb3 Nxf4 11. exf4 c4 12. Qxb6 axb6 13. Ne5 Bh5 14. Nxc6
Bd6 15. g3 O-O 16. O-O f5 17. Ne5 Rf6 18. b4 b5 19. Nd7 Rg6 20. Ne5 Bxe5 21.
fxe5 f4 22. a3 Rf8 23. Rae1 Rf5 24. Kg2 f3+ 25. Kg1 Bg4 26. Re3 h5 27. Rfe1 h4
28. Nf1 Bh3 29. Nd2 hxg3 30. hxg3 Bg4 31. Nf1 Rh6 32. Nh2 Rfh5 33. Nxf3 Bxf3
34. Rxf3 Rh1+ 35. Kg2 R6h2# 0-1

[Event "2022 Harris Edwardes Interclub Competition (Division C)"]
[Site "Leeming, Perth WA AUS"]
[Date "2022.08.28"]
[Round "4"]
[White "De Vas, Yonal"]
[Black "Zhang, Emily"]
[Result "1/2-1/2"]
[EventDate "2022.08.21"]
[EventRounds "4"]
[EventType "team"]
[Section "Division C (Minor): U1550"]
[Stage "Final Round Playoffs: 1st vs 2nd"]
[Board "1"]
[TimeControl "3600+10"]
[WhiteElo "1523"]
[BlackElo "1470"]
[WhiteTeam "Perth Chess Club C"]
[BlackTeam "Southern Suburbs Chess Club C"]
[ECO "D13"]
[PlyCount "84"]

1. d4 d5 2. c4 e6 3. Nc3 Nf6 4. Nf3 c6 5. cxd5 cxd5 6. Bf4 Bb4 7. e3 O-O 8. Bd3
Nc6 9. O-O a6 10. a3 Bd6 11. Bxd6 Qxd6 12. Re1 Bd7 13. Rc1 Rac8 14. e4 dxe4 15.
Nxe4 Nxe4 16. Bxe4 Rc7 17. h4 Ne7 18. Rxc7 Qxc7 19. g3 Bc6 20. Qc2 h6 21. Ne5
Qd6 22. Nxc6 Nxc6 23. Bxc6 Qxc6 24. Qxc6 bxc6 25. Rc1 Rc8 26. b4 Kf8 27. Kf1
Ke7 28. Ke2 Kd6 29. Rc5 Rb8 30. Ra5 Rb6 31. g4 Kc7 32. Ke3 Kb7 33. Ke4 Rb5 34.
Rxb5+ axb5 35. f4 Kc7 36. Ke5 Kd7 37. g5 h5 38. f5 exf5 39. Kxf5 Kd6 40. Ke4
Ke6 41. Kf4 f6 42. gxf6 Kxf6 1/2-1/2